 Dungeon Crawl Stone Soup version 0.19.1-1-g22dce08 (webtiles) character file.

39 dngmouse the Magician (level 3, -3/19 HPs)
             Began as a Deep Elf Wizard on Jan 19, 2017.
             Slain by a goblin (4 damage)
             ... led by Robin
             ... on level 1 of the Dungeon.
             The game lasted 00:03:55 (1123 turns).

dngmouse the Magician (Deep Elf Wizard)             Turns: 1123, Time: 00:03:56

Health: -3/19      AC:  2    Str:  4    XL:     3   Next: 26%
Magic:  5/11       EV: 13    Int: 23    God:
Gold:   89         SH:  0    Dex: 13    Spells: 4 memorised, 2 levels left

rFire  . . .     SeeInvis .     h - +1 dagger (drain)
rCold  . . .     Gourm    .     a - +0 robe
rNeg   . . .     Faith    .     (no shield)
rPois  .         Spirit   .     b - +0 hat
rElec  .         Reflect  .     (no cloak)
rCorr  .         Harm     .     (no gloves)
MR     .....                    (no boots)
Stlth  ++........               (no amulet)
                                (no ring)
                                (no ring)

@: very slightly contaminated
A: no striking features
a: no special abilities


You were on level 1 of the Dungeon.
You were not hungry.

You visited 1 branch of the dungeon, and saw 2 of its levels.

You collected 89 gold pieces.

Inventory:

Hand Weapons
 h - a +1 dagger of draining (weapon)
Armour
 a - a +0 robe (worn)
 b - a +0 hat (worn)
Jewellery
 l - an uncursed ring of stealth {unknown}
Scrolls
 p - a scroll of remove curse {unknown}
 q - a scroll of fear {unknown}
 r - a scroll of fog {unknown}
 s - 2 scrolls of identify {unknown}
Potions
 e - a potion of might {unknown}
 g - a potion of lignification {unknown}
 j - a potion of flight {unknown}
 k - 2 potions of haste {unknown}
 m - a potion of cure mutation {unknown}
 n - a potion of berserk rage {unknown}
 o - a potion of mutation {unknown}
Books
 c - a book of Minor Magic

   Spells                             Type                      Level
   a - Magic Dart                     Conjuration                  1
   b - Blink                          Translocation                2
   c - Call Imp                       Summoning                    2
   d - Repel Missiles                 Charms/Air                   2
   e - Slow                           Hexes                        2
   f - Conjure Flame                  Conjuration/Fire             3
   g - Mephitic Cloud                 Conjuration/Poison/Air       3
Comestibles
 d - 2 bread rations
 i - a meat ration


   Skills:
 - Level 2.4 Dodging
 - Level 2.4 Stealth
 * Level 4.6 Spellcasting
 - Level 3.2 Conjurations
   Level 1.1 Summonings
 + Level 1.3 Translocations


You had 2 spell levels left.
You knew the following spells:

 Your Spells              Type           Power        Failure   Level  Hunger
a - Magic Dart            Conj           ###.         2%          1    None
b - Blink                 Tloc           N/A          12%         2    None
c - Conjure Flame         Conj/Fire      ##......     17%         3    ##.....
d - Mephitic Cloud        Conj/Pois/Air  ##......     21%         3    ##.....


Dungeon Overview and Level Annotations

Branches:
Dungeon (2/15)

Altars:

Annotations:
D:2 Robin


Message History

You kill the goblin!
The goblin hits you.
* * * LOW HITPOINT WARNING * * *
The rat closely misses you.
Casting: Magic Dart
Confirm with . or Enter, or press ? or * to list all spells.
You blink.
A hobgoblin comes into view. It is wielding a club.
The hobgoblin shouts!
The goblin completely misses you.
Casting: Blink
Confirm with . or Enter, or press ? or * to list all spells.
You miscast Blink.
You are very lightly contaminated with residual magic.
You feel a wrenching sensation. The goblin hits you.
* * * LOW HITPOINT WARNING * * *
Casting: Blink
Confirm with . or Enter, or press ? or * to list all spells.
You blink.
The goblin hits you.
You die...

#...# #...# #...# #............##
#...###...###...###..#.######..#
.......................# #..#
.)...................### #..#
.##.##.#....#.####g..###### #..#
.##.##.##.#.#.# #...##...# #..#
.##.##.##...#.# #.ยง......###..#
.##.##..#.###.####)..##...#....#
................@gr...##.##.##.#
..............#######.##.##.##.##
#######.#.##### #............
#.#.# #######.##### #.#.# #.#
#.#.# #.# #.#.# ##### #.# #.#.#
##...## #.# ### #.#.# ##.....##
#.#


You could see a goblin and a rat.

Vanquished Creatures
  2 dart slugs (D:1)
  A leopard gecko (D:1)
  4 giant cockroaches (D:1)
  7 goblins
  5 hobgoblins
  2 ball pythons
  5 bats (D:1)
  3 frilled lizards (D:1)
  2 kobolds (D:1)
  2 rats (D:1)
33 creatures vanquished.

Notes
Turn   | Place    | Note
-------+----------+-------------------------------------------
     0 | D:1      | dngmouse the Deep Elf Wizard began the quest for the Orb.
     0 | D:1      | Reached XP level 1. HP: 10/10 MP: 7/7
   253 | D:1      | Reached XP level 2. HP: 15/15 MP: 0/9
   261 | D:1      | Learned a level 2 spell: Blink
   904 | D:1      | Reached XP level 3. HP: 19/19 MP: 8/10
   909 | D:1      | Learned a level 3 spell: Conjure Flame
   913 | D:1      | Learned a level 3 spell: Mephitic Cloud
   958 | D:2      | Noticed Robin
  1123 | D:1      | Slain by a goblin

Skill      XL: |  1  2 |
---------------+-------+-----
Conjurations   | 2 3 |  3.2
Dodging        | |  2.4
Stealth        | |  2.4
Spellcasting   | |  4.6
Summonings     | |  1.1
Translocations | |  1.3

Action                   || total
-------------------------++-------
Melee: Dagger            ||    22
 Cast: Magic Dart        ||    51
       Blink             ||     2
       Conjure Flame     ||     1
       Mephitic Cloud    ||     1
  Eat: Chunk             ||     1
Armor: Robe              ||     5
Dodge: Dodged            ||    42
